 Dungeon Crawl Stone Soup version 0.31.0 (webtiles) character file.

Game seed: 8541422868149769829

51 qw the Shooter (level 3, -2/23 HPs)
             Began as a Gargoyle Hunter on Jan 19, 2024.
             Slain by Sigmund
             ... wielding a +0 scythe
              (6 damage)
             ... on level 2 of the Dungeon.
             The game lasted 00:00:03 (791 turns).

qw the Shooter (Gargoyle Hunter)                     Turns: 791, Time: 00:00:04

Health: -2/23      AC:  6    Str: 14    XL:     3   Next: 81%
Magic:  3/3        EV: 11    Int:  9    God:
Gold:   26         SH:  0    Dex: 15    Spells: 2/2 levels left

rFire   . . .        a - +0 shortbow
rCold   . . .        (shield currently unavailable)
rNeg    + . .        c - +0 leather armour
rPois   inf          (no helmet)
rElec   +            (no cloak)
rCorr   .            (no gloves)
SInv    .            (no boots)
Will    .....        (no amulet)
Stlth   ++           (no ring)
HPRegen 0.23/turn    (no ring)
MPRegen 0.08/turn

%: no passive effects
@: attractive
A: sickness immunity, AC +3, negative energy resistance 1, electricity
resistance, torment resistance 1, petrification resistance
a: no special abilities


You were on level 2 of the Dungeon.
You visited 1 branch of the dungeon, and saw 2 of its levels.

You collected 26 gold pieces.


Innate Abilities, Weirdness & Mutations

You are immune to sickness and miasma.
Your stone body is resilient. (AC +3)
You are immune to poison.
You resist negative energy. (rN+)
You are resistant to electric shocks. (rElec)
You are resistant to unholy torment.
You are immune to petrification.


   Skills:
 - Level 3.0 Fighting
 + Level 5.0 Ranged Weapons
 - Level 1.5 Dodging
 - Level 1.1 Stealth


You had 2 spell levels left.
You didn't know any spells.
Your spell library was empty.

Inventory:

Hand Weapons
 a - a +0 shortbow (weapon)
Armour
 c - a +0 leather armour (worn)
Potions
 d - a potion of invisibility {unknown}
 f - a potion of brilliance {unknown}

Dungeon Overview and Level Annotations

Branches:
Dungeon (2/15)

Altars:

Shops:
D:1 [

Annotations:
D:2 Sigmund


Message History

The hobgoblin is heavily wounded.
You shoot an arrow. The arrow barely misses the hobgoblin.
You shoot an arrow. The arrow hits the hobgoblin.
The hobgoblin is almost dead.
Sigmund the Dreaded comes into view.
He is wielding a +0 scythe.
You shoot an arrow. The arrow closely misses the hobgoblin.
You shoot an arrow. The arrow barely misses the hobgoblin.
The hobgoblin barely misses you.
You shoot an arrow. The arrow barely misses the hobgoblin.
The arrow hits Sigmund!
Sigmund is moderately wounded.
The hobgoblin hits you.
You shoot an arrow. The arrow hits the hobgoblin!
You kill the hobgoblin!
Your Fighting skill increases to level 3!
You shoot an arrow. The arrow hits Sigmund.
Sigmund is moderately wounded.
Sigmund points at you and mumbles some strange words.
You are confused.
Sigmund casts a spell at you. You resist with significant effort.
784 ||| DRINKING fuming amethyst potion.
It was a potion of attraction.
You feel attractive to monsters.
Sigmund gestures wildly while chanting.
Sigmund flickers and vanishes!
Deactivating autopickup; reactivate with Ctrl-A.
Something is attracted toward you.
785 ||| FLEEEEING.
Something hits you. Something is attracted toward you.
You bump into the rock wall.
You bump into the rock wall.
Something hits you!
You bump into the rock wall.
You feel less confused. Something hits you. Something is attracted toward you.
Something hits you but does no damage. Something is attracted toward you.
Something hits you.
You die...

....<.............#
##........)#.........#
...........###########
.#.%.......####
..............##
............#..##
................##
.................##
.......@...###.#..#
.......#.### #....#
......##.# ######
........¤####
..##...¤....# .
##.......# #>......#
.........# #.#..$....#


There were no monsters in sight!

Vanquished Creatures
  A dart slug (D:1)
  2 ball pythons (D:1)
  2 endoplasms
  3 giant cockroaches (D:1)
  8 goblins
  8 hobgoblins
  2 kobolds (D:1)
  5 quokkas
  4 bats (D:1)
  A frilled lizard (D:1)
  5 rats
41 creatures vanquished.

Notes
Turn   | Place    | Note
-------+----------+-------------------------------------------
     0 | D:1      | qw the Gargoyle Hunter began the quest for the Orb.
     0 | D:1      | Reached XP level 1. HP: 12/12 MP: 1/1
     0 | D:1      | 0 ||| qw: Version: 0.3-a-132-g3d54051
     0 | D:1      | 0 ||| qw: Game counter: 290
     0 | D:1      | 0 ||| qw: Melee chars always use a shield: true
     0 | D:1      | 0 ||| qw: God list: Okawaru
     0 | D:1      | 0 ||| qw: Allow faded altars: false
     0 | D:1      | 0 ||| qw: Do Orc after clearing Dungeon:15 true
     0 | D:1      | 0 ||| qw: Do second Lair branch before Depths: true
     0 | D:1      | 0 ||| qw: Lair rune preference: random
     0 | D:1      | 0 ||| qw: Goals: Normal
     0 | D:1      | 0 ||| PLANNING D:1-11
   127 | D:1      | Reached XP level 2. HP: 16/17 MP: 2/2
   287 | D:1      | Reached XP level 3. HP: 21/21 MP: 3/3
   287 | D:1      | Found Risistin's Antique Armour Shoppe.
   299 | D:1      | 299 ||| SHOPLISTING helmet (135 gold, have 20).
   299 | D:1      | 299 ||| SHOPLISTING ring mail (120 gold, have 20).
   299 | D:1      | 299 ||| SHOPLISTING runed ring mail (210 gold, have 20).
   299 | D:1      | 299 ||| SHOPLISTING warped troll leather armour (600 gold,
                  | have 20).
   321 | D:1      | Reached skill level 5 in Ranged Weapons
   705 | D:1      | 705 ||| READING scroll labelled FULECH RUTTOE.
   710 | D:1      | 710 ||| DROPPING scroll of butterflies.
   778 | D:2      | Noticed Sigmund
   783 | D:2      | Reached skill level 3 in Fighting
   784 | D:2      | 784 ||| DRINKING fuming amethyst potion.
   785 | D:2      | 785 ||| FLEEEEING.
   788 | D:2      | HP: 3/23 [something (6)]
   791 | D:2      | Slain by Sigmund

Levels and vault maps discovered:
D:1:      saegor_arrival_under_anarchy, layout_rooms, serial_shops, shop
D:2:      layout_rooms, uniq_robin, uniq_sigmund, uniq_crazy_yiuf_cottage

Skill      XL: |  1  2  3 |
---------------+----------+-----
Ranged Weapons | 5 |  5.0
Fighting       | 3 |  3.0
Dodging        | |  1.5
Stealth        | |  1.1

Action                     || total
---------------------------++-------
   Fire: Shortbow          ||   139
    Use: Scroll            ||     1
         Potion            ||     1
 Armour: Leather armour    ||    37
  Dodge: Dodged            ||    45

Table legend:
 A = Non-vault XP
 B = Vault XP
 C = Vault XP percentage of total XP
 D = Non-vault monster count
 E = Vault monster count
 F = Vault count percentage of total count
                 A         B        C        D         E       F
            +---------+---------+-------+---------+---------+-------
      Total |      73 |       0 |   0.0 |      41 |       0 |   0.0
            +---------+---------+-------+---------+---------+-------
        D:1 |      62 |       0 |   0.0 |      35 |       0 |   0.0
        D:2 |      11 |       0 |   0.0 |       6 |       0 |   0.0
            +---------+---------+-------+---------+---------+-------
